 Dungeon Crawl Stone Soup version 0.27.0-1-g7a089689b8 (webtiles) character file.

Game seed: 14117303707124134068

851 Groucho the Covert (level 7, 0/32 HPs)
             Began as a Spriggan Enchanter on Aug 5, 2021.
             Slain by a bullfrog zombie (5 damage)
             ... on level 6 of the Dungeon.
             The game lasted 00:17:44 (10523 turns).

Groucho the Covert (Spriggan Enchanter)            Turns: 10523, Time: 00:17:45

Health: 0/32       AC:  2    Str:  6    XL:     7   Next: 69%
Magic:  3/16       EV: 17    Int: 16    God:
Gold:   213        SH:  0    Dex: 16    Spells: 5/17 levels left

rFire    + . .     SeeInvis +   a - +1 dagger
rCold    + . .     Faith    .   (shield restricted)
rNeg     . . .     Spirit   .   b - +0 robe
rPois    .         Reflect  .   (helmet restricted)
rElec    .         Harm     .   k - scarf {rC+ rF+}
rCorr    .         Rampage  .   (gloves unavailable)
Will     +....                  (boots unavailable)
Stlth    +++++.....             (no amulet)
HPRegen  0.10/turn              (no ring)
MPRegen  0.15/turn              (no ring)

@: very quick
A: very small, no large weapons, unfitting armour, see invisible, speed 3
a: no special abilities


You were on level 6 of the Dungeon.
You visited 1 branch of the dungeon, and saw 6 of its levels.

You collected 213 gold pieces.

Inventory:

Hand Weapons
 a - a +1 dagger (weapon)
 r - a +0 shortbow
Missiles
 d - 114 stones (quivered)
 n - 10 poisoned darts
 o - 4 silver boomerangs
 s - 18 arrows
 w - 2 throwing nets
Armour
 b - a +0 robe (worn)
 k - a scarf of resistance (worn)
Wands
 t - a wand of flame (19)
Scrolls
 c - a scroll of summoning {unknown}
 e - a scroll of fear {unknown}
 f - 2 scrolls of identify {unknown}
 g - a scroll of blinking {unknown}
 h - a scroll of torment {unknown}
 l - a scroll of enchant weapon {unknown}
 m - a scroll of enchant armour {unknown}
 q - a scroll of teleportation {unknown}
 v - a scroll of noise {unknown}
Potions
 i - 2 potions of degeneration {unknown}
 j - a potion of mutation {unknown}
 p - a potion of heal wounds {unknown}
 u - 2 potions of curing {unknown}


   Skills:
 - Level 1.1 Short Blades
 - Level 2.6 Dodging
 * Level 10.5 Stealth
 + Level 5.8 Spellcasting
 + Level 6.3 Hexes


You had 5 spell levels left.
You knew the following spells:

 Your Spells              Type           Power      Damage    Failure   Level
a - Corona                Hex            26%        N/A       1%          1
b - Ensorcelled Hibernat  Hex/Ice        28%        N/A       6%          2
c - Confusing Touch       Hex            24%        N/A       3%          3
d - Tukima's Dance        Hex            24%        N/A       3%          3
e - Dazzling Flash        Conj/Hex       28%        N/A       12%         3

Your spell library contained the following spells:

 Spells                   Type           Power      Damage    Failure   Level
 Beastly Appendage        Tmut           8%         N/A       14%         1
 Shock                    Conj/Air       16%        1d4       14%         1
 Static Discharge         Conj/Air       4%         N/A       22%         2
 Wereblood                Tmut           4%         N/A       22%         2
 Spider Form              Tmut/Pois      2%         N/A       38%         3
 Yara's Violent Unravell  Hex/Tmut       7%         3d5       71%         5


Dungeon Overview and Level Annotations

Branches:
Dungeon (6/15)
 Temple: D:4-7

Altars:
Ru


Innate Abilities, Weirdness & Mutations

You are very small and have problems with some larger weapons.
You are too small for most types of armour.
You have supernaturally acute eyesight. (SInv)
You cover ground extremely quickly. (Speed+++)


Message History

Press: ? - help, Dir - move target, f/p - bullfrog
Aim: a bullfrog (lightly wounded, about 41% to evade your +1 dagger)
Okay, then.
Casting: Ensorcelled Hibernation (safe; 6% risk of failure)
Confirm with . or Enter, or press ? or * to list all spells.
The spell is quite dangerous to cast (12% risk of failure)!
Continue anyway?
Okay, then.
Unknown command.
Casting: Dazzling Flash (quite dangerous; 12% risk of failure)
Confirm with . or Enter, or press ? or * to list all spells.
The spell is quite dangerous to cast (12% risk of failure)!
Continue anyway?
Okay, then.
Casting: Dazzling Flash (quite dangerous; 12% risk of failure)
Confirm with . or Enter, or press ? or * to list all spells.
Okay, then.
Casting: Dazzling Flash (quite dangerous; 12% risk of failure)
Confirm with . or Enter, or press ? or * to list all spells.
Aiming: Tukima's Dance (dangerous; 3% risk of failure)
Press: ? - help, Shift-Dir - straight line, f - gnoll sergeant, p - bullfrog
Aim: a gnoll sergeant, wielding a +0 spear, wearing a +0 ring mail and wearing a +0 kite shield (severely wounded, confused, chance to affect: 64%)
The gnoll sergeant struggles to resist.
The gnoll sergeant seems less confused.
The gnoll sergeant hits you from afar with a +0 spear!
The bullfrog zombie hits you but does no damage.
The bullfrog misses you.
Unknown command.
Casting: Tukima's Dance (dangerous; 3% risk of failure)
Confirm with . or Enter, or press ? or * to list all spells.
Aiming: Tukima's Dance (dangerous; 3% risk of failure)
Press: ? - help, Shift-Dir - straight line, f/p - gnoll sergeant
Aim: a gnoll sergeant, wielding a +0 spear, wearing a +0 ring mail and wearing a +0 kite shield (severely wounded, chance to affect: 64%)
The +0 spear dances into the air!
The bullfrog releases a deep croak.
The bullfrog hits you.
* * * LOW HITPOINT WARNING * * *
The bullfrog zombie hits you.
* * * LOW HITPOINT WARNING * * *
The bullfrog closely misses you.
Unknown command.
The bullfrog zombie hits you.
You die...

#..............#..
#...........###. .
#................
.######.....)<#....##..
.P..#.#..(....#...##
#...............#
#....gF..........#
##...............##
..#..#.@Z))##..##..#
.....................
...#....<....)........
...###................
#..............
........#.......
.........##...#
#.......#.. ..##
#......##... ..


You could see a gnoll sergeant (ally target), a bullfrog, a bullfrog zombie and
a friendly +0 spear.

Vanquished Creatures
  2 necrophages (D:4)
  An ogre (D:4)
  A centaur (D:5)
  A phantom (D:5)
  A scorpion (D:5)
  A water moccasin zombie (D:4)
  A water moccasin skeleton (D:5)
  A hound (D:4)
  A bullfrog skeleton (D:5)
  An orc wizard (D:4)
  2 killer bee zombies
  3 adders
  5 gnolls
  An ufetubus (D:4)
  2 worms (D:3)
  5 orcs
  3 bats (D:1)
  9 endoplasms
  5 giant cockroaches
  4 goblins
  7 hobgoblins
  A quokka (D:3)
  5 ball pythons
  3 frilled lizards
  7 kobolds
  5 rats
78 creatures vanquished.

Notes
Turn   | Place    | Note
-------+----------+-------------------------------------------
     0 | D:1      | Groucho the Spriggan Enchanter began the quest for the Orb.
     0 | D:1      | Reached XP level 1. HP: 9/9 MP: 5/5
   200 | D:1      | Found a faded altar of an unknown god.
   818 | D:1      | Reached XP level 2. HP: 10/13 MP: 6/6
  1193 | D:1      | Reached skill level 5 in Stealth
  1871 | D:1      | Learned a level 2 spell: Ensorcelled Hibernation
  3004 | D:2      | Reached XP level 3. HP: 16/16 MP: 8/8
  3548 | D:3      | Found a sacrificial altar of Ru.
  3943 | D:3      | Reached skill level 6 in Stealth
  4024 | D:4      | Learned a level 3 spell: Confusing Touch
  4307 | D:2      | You fall into a shaft and drop 2 floors!
  4364 | D:4      | Reached XP level 4. HP: 14/21 MP: 1/10
  4707 | D:4      | Noticed a necrophage
  4725 | D:4      | Killed a necrophage
  4726 | D:4      | Reached skill level 7 in Stealth
  4726 | D:4      | Reached XP level 5. HP: 17/24 MP: 8/12
  5071 | D:4      | Noticed an ogre
  5076 | D:4      | Killed an ogre
  5077 | D:4      | Reached skill level 8 in Stealth
  5077 | D:4      | Reached skill level 5 in Hexes
  5093 | D:4      | Reached XP level 6. HP: 27/28 MP: 10/13
  5588 | D:4      | Learned a level 3 spell: Tukima's Dance
  5592 | D:4      | Learned a level 3 spell: Dazzling Flash
  5803 | D:4      | Reached skill level 9 in Stealth
  5803 | D:4      | Reached skill level 5 in Spellcasting
  5969 | D:5      | Entered Level 5 of the Dungeon
  5980 | D:5      | Reached XP level 7. HP: 32/32 MP: 15/15
  6005 | D:5      | Got Yfeis's Tome of Floating Shape Shifting
  7999 | D:5      | Reached skill level 10 in Stealth
 10523 | D:6      | Slain by a bullfrog zombie

Illustrated notes

Levels and vault maps discovered:
D:1:      dpeg_arrival_castle, layout_basic,
          ebering_ecumenical_altar_sacrificial, ebering_dispersal_statue_hall,
          minmay_tetromino_o2
D:2:      layout_rooms, chequers_mini_garden
D:3:      layout_rooms, mainiacjoe_overflow_catwalk
D:4:      layout_loops_ring
D:5:      layout_layer_cave
D:6:      minmay_goblin_kobold_castle, layout_cave_pools,
          minmay_temple_entry_gardened_gates

Skill      XL: |  1  2  3  4  5  6  7 |
---------------+----------------------+-----
Stealth        | 5 6 7 8 9 10 | 10.5
Spellcasting   | 3 4 5 |  5.8
Hexes          | 4 5 6 |  6.3
Short Blades   | |  1.1
Dodging        | |  2.6

Action                   |  1- 3 |  4- 6 |  7- 9 || total
-------------------------+-------+-------+-------++-------
Melee: Dagger            |   125 |    57 |    87 ||   269
 Fire: Shortbow          |       |       |     2 ||     2
 Cast: Ensorcelled Hiber |    39 |    11 |    13 ||    63
       Confusing Touch   |       |     4 |    16 ||    20
       Tukima's Dance    |       |       |     2 ||     2
 Stab: Sleeping          |    34 |    10 |     5 ||    49
       Confused          |       |     6 |    12 ||    18
Armor: Robe              |    14 |     3 |    12 ||    29
Dodge: Dodged            |    94 |    43 |    81 ||   218
